 Dungeon Crawl Stone Soup version 0.29-a0-598-gd8304a5bf4 (console) character file.

Game seed: 15052001603204976279

209 om the Covered (level 5, -4/47 HPs)
             Began as a Minotaur Fighter on June 15, 2022.
             Slain by Menkaure (12 damage)
             ... on level 5 of the Dungeon.
             The game lasted 00:03:10 (2054 turns).

om the Covered (Minotaur Fighter)                   Turns: 2054, Time: 00:03:10

Health: -4/47      AC:  7    Str: 23    XL:     5   Next: 55%
Magic:  4/4        EV: 10    Int:  5    God:
Gold:   102        SH:  5    Dex:  9    Spells: 4/4 levels left

rFire   . . .      SeeInvis .   a - +0 war axe
rCold   . . .      Faith    .   c - +1 buckler
rNeg    . . .      Spirit   .   b - +0 scale mail
rPois   +          Reflect  .   (helmet restricted)
rElec   .          Harm     .   (no cloak)
rCorr   .          Rampage  .   (no gloves)
Will    .....                   (no boots)
Stlth   ..........              (no amulet)
HPRegen 0.15/turn               i - ring of poison resistance
MPRegen 0.09/turn               (no ring)

@: mighty, studying Staves
A: horns 2, retaliatory headbutt
a: no special abilities


You were on level 5 of the Dungeon.
You visited 1 branch of the dungeon, and saw 4 of its levels.

You collected 102 gold pieces.

Inventory:

Hand Weapons
 a - a +0 war axe (weapon)
Armour
 b - a +0 scale mail (worn)
 c - a +1 buckler (worn)
Jewellery
 i - a ring of poison resistance (left hand)
Scrolls
 f - 2 scrolls of enchant armour
Potions
 e - a potion of degeneration {unknown}
 g - a potion of mutation {unknown}
 h - a potion of attraction {unknown}
 j - a potion of curing
 l - a potion of heal wounds {unknown}
 m - a potion of lignification {unknown}


   Skills:
 + Level 4.5 Fighting
 * Level 4.4 Axes
 * Level 5.4 Armour
 + Level 2.1 Dodging
 - Level 3.6 Shields


You had 4 spell levels left.
You didn't know any spells.
Your spell library was empty.

Dungeon Overview and Level Annotations

Branches:
Dungeon (3/15)

Altars:
Hepliaklqana

Annotations:
D:3 1 runed translucent door, shoop's ghost, weakling MeTm
D:5 Menkaure


Innate Abilities, Weirdness & Mutations

You have a pair of horns on your head.
You reflexively headbutt those who attack you in melee.


Message History

Found a hand axe.
A ball python comes into view.
The ball python hisses angrily.
You closely miss the ball python. Your headbutt misses the ball python.
The ball python bites you but does no damage.
The ball python barely misses you.
You slash the ball python!
You kill the ball python!
No target in view!
Found 24 stones.
A sourceless malevolence fills the Dungeon...
You fall into a shaft and drop 2 floors!
The shaft crumbles and collapses.
Found a polished long sword.
Menkaure, Prince of Dust comes into view.
Things that are here:
the +6 long sword "Goblinbane" {spect, rElec rF+ rC+++ Dex-5}; a +0 ring mail
Found a stone staircase leading up.
Menkaure calls on the powers of darkness!
Your body is wracked with pain!
You slash Menkaure!
Menkaure is heavily damaged.
Menkaure calls on the powers of darkness!
Your body is wracked with pain!
* * * LOW HITPOINT WARNING * * *
You hit Menkaure but do no damage.
Menkaure is heavily damaged.
Menkaure calls on the powers of darkness!
Your body is wracked with pain!
* * * LOW HITPOINT WARNING * * *
You are too injured to fight recklessly!
You barely miss Menkaure.
Menkaure is heavily damaged.
Menkaure barely misses you.
You feel very mighty all of a sudden. Menkaure misses you.
You hit Menkaure but do no damage. You headbutt Menkaure.
Menkaure is severely damaged.
Menkaure hits you!
You die...

#######
#.....# ##
..... ..
...
####.###.
#M#
#........
#@######.#
#.##.....#
#.)....###
#......#.#
#.######.#
#< ..# #
###


You could see Menkaure.

Vanquished Creatures
  Pargi (D:3)
  2 adders
  4 worms
  3 dart slugs
  7 endoplasms
  6 giant cockroaches
  3 goblins
  10 hobgoblins
  3 jackals (D:1)
  5 kobolds
  3 quokkas
  5 ball pythons
  5 bats
  3 frilled lizards (D:2)
  8 rats
68 creatures vanquished.

Vanquished Creatures (collateral kills)
  2 goblins (D:2)
  A hobgoblin (D:2)
  A frilled lizard (D:2)
4 creatures vanquished.

Vanquished Creatures (others)
  10 fungi (D:5)
10 creatures vanquished.

Grand Total: 82 creatures vanquished

Notes
Turn   | Place    | Note
-------+----------+-------------------------------------------
     0 | D:1      | om the Minotaur Fighter began the quest for the Orb.
     0 | D:1      | Reached XP level 1. HP: 19/19 MP: 0/0
   296 | D:1      | Reached XP level 2. HP: 25/27 MP: 1/1
   303 | D:1      | Reached skill level 4 in Armour
   412 | D:1      | Found a faded altar of an unknown god.
   636 | D:1      | Reached skill level 1 in Dodging
   748 | D:1      | Reached XP level 3. HP: 33/33 MP: 2/2
  1150 | D:2      | Reached XP level 4. HP: 34/40 MP: 3/3
  1631 | D:3      | Found a hazy altar of Hepliaklqana.
  1702 | D:3      | Found a runed translucent door.
  1702 | D:3      | Noticed shoop's ghost (weakling MeTm)
  1838 | D:3      | Noticed Pargi
  1841 | D:3      | Killed Pargi
  1842 | D:3      | Reached skill level 5 in Armour
  1842 | D:3      | Reached XP level 5. HP: 47/47 MP: 4/4
  2040 | D:3      | You fall into a shaft and drop 2 floors!
  2040 | D:5      | Entered Level 5 of the Dungeon
  2047 | D:5      | Identified the +6 long sword "Goblinbane" {spect, rElec rF+
                  | rC+++ Dex-5}
  2047 | D:5      | Noticed Menkaure
  2054 | D:5      | Slain by Menkaure

Illustrated notes

Levels and vault maps discovered:
D:1:      dpeg_arrival_ratfight, layout_loops_corners,
          shapermc_ecumenical_altar_mp_ritualfount, minmay_tromino_v4_a
D:2:      layout_rooms, minmay_small_reverse_x
D:3:      layout_basic, nicolae_overflow_ecumenical_swirl,
          mainiacjoe_overflow_six_doors_small, lemuel_round_altar,
          ebering_ghost_reflecting_pool, uniq_pargi
D:5:      layout_basic, mainiacjoe_overflow_catwalk,
          mainiacjoe_overflow_small_starburst, serial_aquarium,
          aquarium_bridge_island_small [aquarium_subvault_small_water,
          aquarium_subvault_bridge, aquarium_subvault_window,
          aquarium_subvault_wall, aquarium_subvault_bridge],
          aquarium_bridge_long_separate [aquarium_subvault_bridge,
          aquarium_subvault_window, aquarium_subvault_window,
          aquarium_subvault_window, aquarium_subvault_bridge,
          aquarium_subvault_bridge], aquarium_window_3, aquarium_window_1,
          aquarium_view_2f, aquarium_view_2f, aquarium_balcony_5a,
          minmay_crystal_room, st_stairs_6, minmay_ogre_servants, uniq_menkaure

Skill      XL: |  1  2  3  4 |
---------------+-------------+-----
Armour         | 4 5 |  5.4
Axes           | 3 4 |  4.4
Dodging        | 1 2 |  2.1
Fighting       | 4 |  4.5
Shields        | |  3.6

Action                   |  1- 3 |  4- 6 || total
-------------------------+-------+-------++-------
Melee: War axe           |    79 |    57 ||   136
       Headbutt          |    14 |    13 ||    27
  Use: Scroll            |     4 |     1 ||     5
       Potion            |       |     3 ||     3
Armor: Scale mail        |    48 |    18 ||    66
Dodge: Dodged            |    46 |    26 ||    72
Block: Buckler           |    17 |    13 ||    30

Table legend: (Time is in decaauts)
 A = Elapsed time spent in this place.
 B = Non-inter-level travel time spent in this place.
 C = Inter-level travel time spent in this place.
 D = Time resting spent in this place.
 E = Time spent auto-exploring this place.
 F = Levels seen in this place.
 G = Mean time per level.
                   A        B        C        D        E       F      G
               +--------+--------+--------+--------+--------+-----+--------+
         Total |   2103 |   2044 |     59 |      0 |   1583 |   4 |  525.8 |
       Dungeon |   2103 |   2044 |     59 |      0 |   1583 |   4 |  525.8 |
               +--------+--------+--------+--------+--------+-----+--------+

Top non-repeatable levels by time:
     D:1: 1013 daAuts
     D:2: 552 daAuts
     D:3: 523 daAuts
     D:5: 14 daAuts
